AoeStats
← 陟遐自迩

Arena

509604835Analyzed
4v4 RM · 5d ago on Sep 27, 2026· 39m 48s· 8 players
Game mode
Random Map
Map size
Large (8 player)
Population
200
Speed
Normal
Resources
Standard
Victory
Conquest
Starting age
Dark Age
Ending age
Imperial Age
RankedLock teamsTeams togetherTeam positionsShared explorationLock speedFull tech treeHidden civsTurbo modeCheats
Victory
Defeat
🇳🇱 Turks · Netherlands
1070
+14
🇩🇪 Persians · Germany
1070
+14
🇬🇧 Mongols · United Kingdom
1026
+16
🇩🇪 Danes · Germany
1022
+16
🇸🇪 Bohemians · Sweden
1146
-19
🇨🇳 Khmer · China
1035
-15
🇬🇧 Britons · United Kingdom
998
-14
🇮🇹 Inca · Italy
951
-12
Sneaky Zucchini
9:46 Loom
11:38 Feudal Age
15:50 Castle Age
13:47 Double-Bit Axe
14:12 Horse Collar
15:19 Stone Mining
15:20 Gold Mining
24:37 Fletching
24:47 Padded Archer Armor
25:39 Bodkin Arrow
25:56 Bow Saw
25:47 Heavy Plow
27:21 Wheelbarrow
26:36 Town Watch
29:03 Yeomen
29:44 Leather Archer Armor
33:55 Imperial Age
32:06 Ballistics
31:57 Masonry
32:22 Scale Mail Armor
32:52 Pikeman
33:33 Squires
33:50 Chain Mail Armor
33:47 Forging
34:38 Bracer
35:33 Conscription
34:59 Halberdier
King of Avalon
10:07 Loom
11:52 Feudal Age
13:40 Double-Bit Axe
16:40 Castle Age
14:25 Horse Collar
18:47 Loom
19:13 Bow Saw
19:05 Heavy Plow
26:22 Wheelbarrow
27:05 Town Watch
31:22 Imperial Age
29:56 Hand Cart
29:45 Town Patrol
30:44 Ballistics
31:27 Chemistry
31:18 Wagenburg Tactics
31:25 Forging
31:20 Scale Mail Armor
31:48 Masonry
31:35 Murder Holes
31:52 Forging
31:05 Pikeman
33:18 Chain Mail Armor
35:24 Siege Engineers
37:03 Plate Mail Armor
37:36 Halberdier
38:36 Houfnice
39:21 Halberdier
39:36 Houfnice
Boiler
12:11 Feudal Age
16:35 Castle Age
15:41 Horse Collar
15:49 Double-Bit Axe
18:04 Scale Mail Armor
17:27 Champi Runner
24:16 Loom
25:52 Wheelbarrow
28:00 Champi Warrior
29:02 Heavy Plow
30:08 Bow Saw
36:33 Imperial Age
35:05 Forging
35:11 Chain Mail Armor
37:13 Squires
37:19 Elite Skirmisher
電動遊戯
8:51 Feudal Age
14:11 Castle Age
13:38 Double-Bit Axe
13:39 Horse Collar
19:33 Fervor
24:15 Loom
26:37 Wheelbarrow
26:26 Bloodlines
26:16 Husbandry
27:01 Bow Saw
27:40 Husbandry
30:20 Hand Cart
33:07 Imperial Age
30:55 Town Watch
31:38 Forging
31:33 Scale Barding Armor
31:37 Town Patrol
32:01 Fortified Wall
31:47 Murder Holes
32:13 Gold Mining
32:14 Stone Mining
33:09 Iron Casting
33:50 Gold Shaft Mining
33:51 Stone Shaft Mining
33:18 Heavy Plow
35:04 Conscription
34:46 Double Crossbow
34:55 Fletching
35:25 Chain Barding Armor
35:12 Siege Engineers
36:07 Chemistry
35:33 Bodkin Arrow
35:08 Capped Ram
35:17 Elite Ballista Elephant
36:45 Crop Rotation
35:37 Light Cavalry
37:12 Bracer
37:33 Ballistics
38:45 Plate Barding Armor
38:13 Siege Ram
Roelofzen
11:40 Feudal Age
15:49 Castle Age
14:02 Double-Bit Axe
14:16 Horse Collar
17:07 Bow Saw
16:59 Heavy Plow
17:37 Wheelbarrow
17:43 Stone Mining
22:12 Hand Cart
22:51 Gold Mining
24:37 Gold Shaft Mining
24:03 Town Watch
25:15 Scale Barding Armor
25:20 Forging
29:42 Imperial Age
28:29 Iron Casting
28:14 Chain Barding Armor
27:39 Treadmill Crane
29:43 Bloodlines
29:33 Husbandry
29:57 Town Patrol
30:37 Artillery
30:57 Conscription
31:40 Plate Barding Armor
32:05 Blast Furnace
32:40 Two-Man Saw
33:03 Heavy Camel Rider
LuxusLuchs
5:06 Loom
11:20 Feudal Age
15:32 Castle Age
16:18 Double-Bit Axe
20:07 Horse Collar
31:16 Imperial Age
29:55 Wheelbarrow
29:06 Town Watch
30:16 Gold Mining
32:32 Chemistry
32:47 Hand Cart
32:54 Masonry
34:40 Hoardings
34:54 Architecture
34:45 Ballistics
36:54 Hoardings
39:17 Fletching
39:28 Padded Archer Armor
39:38 Forging
39:34 Scale Barding Armor
Edison
9:32 Feudal Age
13:37 Castle Age
11:36 Double-Bit Axe
14:54 Bow Saw
20:24 Horse Collar
22:46 Loom
23:36 Wheelbarrow
23:19 Fletching
24:01 Gold Mining
24:33 Padded Archer Armor
24:37 Town Watch
25:49 Bodkin Arrow
26:59 Leather Archer Armor
28:10 Nomads
31:28 Imperial Age
29:30 Hand Cart
29:24 Stone Mining
29:38 Herbal Medicine
29:54 Fervor
30:14 Town Patrol
30:21 Scale Barding Armor
30:47 Forging
30:50 Masonry
31:01 Ballistics
31:35 Chain Barding Armor
31:32 Murder Holes
31:48 Fortified Wall
32:28 Iron Casting
32:14 Thumb Ring
32:44 Bloodlines
32:34 Husbandry
31:55 Light Cavalry
33:24 Gold Shaft Mining
33:17 Bracer
34:29 Conscription
36:23 Blast Furnace
34:45 Hussar
36:26 Hoardings
37:28 Chemistry
36:57 Parthian Tactics
36:40 Elite Mangudai
陟遐自迩
0:53 Loom
11:46 Feudal Age
12:39 Horse Collar
18:07 Castle Age
16:38 Double-Bit Axe
16:48 Stone Mining
18:30 Wheelbarrow
19:25 Bow Saw
20:19 Heavy Plow
23:33 Gold Mining
26:33 Gold Shaft Mining
26:35 Stone Shaft Mining
30:06 Imperial Age
28:10 Town Watch
28:40 Forging
28:31 Scale Mail Armor
29:20 Squires
29:05 Gambesons
29:06 Arson
30:18 Iron Casting
30:36 Hand Cart
29:56 Hamask
31:18 Chain Mail Armor
31:51 Conscription
33:00 Blast Furnace
32:53 Plate Mail Armor
34:03 Elite Varangian Guard
34:28 Elite Jomsviking
Connection lost

Rejoining the realm…

Still unreachable

The connection could not be restored.

Session expired

The server has moved on; the page needs a fresh start.